 Dungeon Sprint DCSS version 0.28.0-43-g3370ac3207 (webtiles) character file.

Game seed: 8920403436593895855

9333 boopmooplesden the Severer (level 11, -8/122 HPs)
             Began as a Minotaur Berserker on Mar 9, 2022.
             Was a High Priest of Trog.
             Mangled by a storm dragon (16 damage)
             ... in the Dungeon (Sprint II: "The Violet Keep of Menkaure").
             The game lasted 00:05:30 (2085 turns).

boopmooplesden the Severer (Minotaur Berserker)     Turns: 2085, Time: 00:05:31

Health: -8/122     AC: 18    Str: 27    XL:     11   Next: 21%
Magic:  2/2        EV: 14    Int:  8    God:    Trog [*****.]
Gold:   411        SH:  0    Dex: 11    Spells: 10/10 levels left

rFire   + . .      SeeInvis .   y - +3 executioner's axe (antimagic)
rCold   + . .      Faith    .   (shield currently unavailable)
rNeg    . . .      Spirit   .   k - +3 scale mail {rF+}
rPois   +          Reflect  .   i - +1 hat
rElec   .          Harm     .   j - +2 cloak {rCorr}
rCorr   +          Rampage  .   v - +0 pair of gloves
Will    .....      NoTele   +   (no boots)
Stlth   +.........              q - amulet "Itryeges" {rPois rC+ Regen+ Str+4 Int+4}
HPRegen 1.10/turn               (no ring)
MPRegen 0.08/turn               (no ring)

@: on berserk cooldown, slowed, very slow
A: horns 2, retaliatory headbutt, low MP 1, weak 1
a: Renounce Religion, Berserk, Trog's Hand, Brothers in Arms


You were in the Dungeon.
You worshipped Trog.
Trog was extremely pleased with you.
You visited 1 branch You collected 1259 gold pieces.
You spent 848 gold pieces at shops.

Inventory:

Hand Weapons
 a - a +0 hand axe
 c - a +2 broad axe of electrocution
 d - the +4 battleaxe "Pijief" {freeze, rC- rN+ MP-9 Int+9}
   (You bought it in a shop in the Dungeon)

   It freezes those it strikes, dealing additional cold damage.
   It can also slow down cold-blooded creatures.
   Int:       It affects your intelligence (+9).
   rC:        It makes you vulnerable to cold.
   rN:        It protects you from negative energy.
   MP:        It affects your magic capacity (-9).
 l - a +5 battleaxe of flaming
 y - a +3 antimagic executioner's axe (weapon)
Armour
 b - a +0 animal skin
 i - a +1 hat (worn)
 j - a +2 cloak of preservation (worn)
 k - a +3 scale mail of fire resistance (worn)
 p - a +0 plate armour
 v - a +0 pair of gloves (worn)
Jewellery
 q - the amulet "Itryeges" (around neck) {rPois rC+ Regen+ Str+4 Int+4}
   (You found it in the Dungeon)

   [amulet of regeneration]

   Str:       It affects your strength (+4).
   Int:       It affects your intelligence (+4).
   rC:        It protects you from cold.
   rPois:     It protects you from poison.
   Regen:     It increases your rate of health regeneration.
 x - a ring of ice
Scrolls
 h - a scroll of blinking
 n - a scroll of immolation
 r - a scroll of torment
Potions
 e - a potion of haste
 f - 5 potions of magic
 g - a potion of berserk rage
 m - a potion of attraction {unknown}
 o - 3 potions of curing
 s - a potion of brilliance {unknown}
 t - 3 potions of resistance
 u - a potion of mutation {unknown}
 w - 3 potions of flight
 z - a potion of ambrosia {unknown}


   Skills:
 + Level 19.1 Fighting
 + Level 20.8 Axes
 + Level 12.8 Armour
 + Level 10.5 Dodging
 + Level 2.4 Stealth


You had 10 spell levels left.
You didn't know any spells.
Your spell library was empty.

Dungeon Overview and Level Annotations

Branches:
Dungeon (1/1)

Altars:
Cheibriados
Dithmenos
Elyvilon
Fedhas
Gozag
Hepliaklqana
Kikubaaqudgha
Makhleb
Nemelex Xobeh
Okawaru
Qazlal
Ru
Sif Muna
Trog
Uskayaw
Vehumet
Wu Jian
Xom
Yredelemnul
Zin
The Shining One
Beogh
Jiyva
Lugonu

Shops:
D =[:(=!:[!([[:?(

Annotations:
D exclusions: obsidian statue, oklob plant and orange crystal statue


Innate Abilities, Weirdness & Mutations

You have a pair of horns on your head.
You reflexively headbutt those who attack you in melee.
Your magical capacity is low. (-10% MP)
You are weak. (Str -2)


Message History

Found 3 murky purple potions.
You're still recovering from your berserk rage.
The storm dragon breathes lightning at you.
The bolt of lightning hits you!! x2
The bolt of lightning hits the storm dragon.
The storm dragon completely resists.
There is an open door here.
You closely miss the storm dragon. Your headbutt misses the storm dragon.
The storm dragon misses you. You furiously retaliate!
You headbutt the storm dragon, but do no damage.
The storm dragon claws you.
The storm dragon tramples you but does no damage.
You hit the storm dragon but do no damage.
The storm dragon misses you.
The storm dragon claws you but does no damage.
The storm dragon barely misses you.
You slash the storm dragon! Your headbutt misses the storm dragon.
The storm dragon is lightly wounded.
You feel yourself slow down.
The storm dragon breathes lightning at you.
The bolt of lightning hits you!! x2
* * * LOW HITPOINT WARNING * * *
The bolt of lightning hits the storm dragon.
The storm dragon completely resists.
You slice the storm dragon!!
The storm dragon is heavily wounded.
The storm dragon misses you. The storm dragon claws you.
* * * LOW HITPOINT WARNING * * *
The storm dragon closely misses you.
You slice the storm dragon!! Your headbutt misses the storm dragon.
The storm dragon is almost dead.
The storm dragon misses you.
The storm dragon claws you but does no damage.
The storm dragon barely misses you. The storm dragon bites you!
* * * LOW HITPOINT WARNING * * *
The storm dragon misses you. The storm dragon closely misses you.
You closely miss the storm dragon.
The storm dragon is almost dead.
The storm dragon bites you!
You die...

###### +.@D.# #.####
####+#### ##≈≈≈≈.≈≈##
##≈≈§§≈§≈§≈## ▓▓+
+≈§§§§:§≈§≈.# +.. c
##§§§§§§≈.≈## #..
Kz.≈##§D§§≈.≈## #.°
#########≈≈#§§§#+++##
#=


You could see a storm dragon (catching breath).

Vanquished Creatures
  A kraken (D)
  Kirke (D)
  Roxanne (D)
  A yaktaur captain (D)
  2 boulder beetles (D)
  A centaur warrior (D)
  A skeletal warrior (D)
  A merfolk siren (D)
  An elephant (D)
  A kobold demonologist (D)
  A yaktaur (D)
  A hornet (D)
  3 polar bears (D)
  4 neqoxecs (D)
  Menkaure (D)
  3 water moccasins (D)
  5 scorpions (D)
  7 tentacles (D)
36 creatures vanquished.

Vanquished Creatures (others)
  A water moccasin (D)
  8 tentacles (D)
9 creatures vanquished.

Grand Total: 45 creatures vanquished

Notes
Turn   | Place    | Note
-------+----------+-------------------------------------------
     0 | D        | boopmooplesden the Minotaur Berserker began the quest for
                  | the Orb.
     0 | D        | Reached XP level 1. HP: 19/19 MP: 0/0
     1 | D        | Noticed a boulder beetle
     1 | D        | Noticed a boulder beetle
     4 | D        | Noticed a scorpion
     4 | D        | Noticed a scorpion
     4 | D        | Noticed a scorpion
     4 | D        | Noticed a scorpion
     6 | D        | Killed a scorpion
     7 | D        | Reached skill level 6 in Axes
     7 | D        | Reached XP level 2. HP: 31/31 MP: 1/1
     7 | D        | Reached XP level 3. HP: 38/38 MP: 2/2
    10 | D        | Killed a scorpion
    11 | D        | Reached skill level 8 in Axes
    11 | D        | Reached XP level 4. HP: 48/48 MP: 3/3
    11 | D        | Killed a scorpion
    11 | D        | Reached ** piety under Trog
    12 | D        | Reached skill level 9 in Axes
    12 | D        | Reached XP level 5. HP: 54/56 MP: 4/4
    18 | D        | Reached skill level 10 in Axes
    18 | D        | Reached skill level 5 in Armour
   244 | D        | Noticed a neqoxec
   244 | D        | Noticed a neqoxec
   244 | D        | Noticed a neqoxec
   244 | D        | Noticed a neqoxec
   254 | D        | Killed a neqoxec
   255 | D        | Reached skill level 10 in Fighting
   255 | D        | Reached skill level 11 in Axes
   255 | D        | Reached skill level 5 in Dodging
   255 | D        | Reached XP level 6. HP: 67/67 MP: 5/5
   255 | D        | Gained mutation: Your magical capacity is low. (-10% MP) [a
                  | neqoxec]
   255 | D        | Gained mutation: You are weak. (Str -2) [a neqoxec]
   259 | D        | Killed a neqoxec
   259 | D        | Reached *** piety under Trog
   260 | D        | Reached skill level 12 in Axes
   265 | D        | Killed a neqoxec
   266 | D        | Reached XP level 7. HP: 50/77 MP: 5/5
   266 | D        | Killed a neqoxec
   267 | D        | Reached skill level 13 in Axes
   450 | D        | Noticed a merfolk siren
   470 | D        | Killed a merfolk siren
   471 | D        | Reached skill level 14 in Axes
   471 | D        | Reached XP level 8. HP: 67/86 MP: 6/6
   549 | D        | Found Qereror's Book Shoppe.
   549 | D        | Found Nuorph's Magic Scroll Shoppe.
   549 | D        | Found Tewkoll's Antique Armour Emporium.
   549 | D        | Found Qiqodota's Antique Armour Emporium.
   549 | D        | Found Cazolaosk's Distillery.
   549 | D        | Found Qamabos's Weapon Shoppe.
   550 | D        | Found Asim Horph's Antique Armour Shoppe.
   550 | D        | Found Gefelec's Book Emporium.
   551 | D        | Found Fatray's Distillery.
   551 | D        | Found Loackuoc's Antique Weapon Emporium.
   551 | D        | Noticed Menkaure
   566 | D        | Killed Menkaure
   566 | D        | Reached **** piety under Trog
   569 | D        | Found Caohinue's Jewellery Shoppe.
   569 | D        | Found Resutzer's Antique Weapon Emporium.
   569 | D        | Noticed an iron elemental
   569 | D        | Noticed an oklob plant
   570 | D        | Found Doecuxas's Antique Armour Shoppe.
   570 | D        | Found Jofo's Jewellery Emporium.
   570 | D        | Found Lioxag Opogu's Book Shoppe.
   571 | D        | Bought a glowing broad axe for 168 gold pieces
   575 | D        | Bought a hat for 96 gold pieces
   575 | D        | Bought a runed cloak for 180 gold pieces
   588 | D        | Bought a glowing scale mail for 140 gold pieces
   606 | D        | Noticed a death yak
   649 | D        | Killed a boulder beetle
   650 | D        | Reached skill level 16 in Axes
   665 | D        | Killed a boulder beetle
   666 | D        | Reached skill level 15 in Fighting
   666 | D        | Reached skill level 1 in Stealth
   666 | D        | Reached XP level 9. HP: 16/97 MP: 7/7
   989 | D        | Bought a bloodstained battleaxe for 264 gold pieces
   989 | D        | Identified the +4 battleaxe "Pijief" {freeze, rC- rN+ MP-9
                  | Int+9} (You bought it in a shop in the Dungeon)
  1013 | D        | Found an iron altar of Okawaru.
  1013 | D        | Found a radiant altar of Vehumet.
  1014 | D        | Found a sparkling altar of Nemelex Xobeh.
  1014 | D        | Found a hide-covered altar of Uskayaw.
  1014 | D        | Found a glowing silver altar of Zin.
  1015 | D        | Found an opulent altar of Gozag.
  1015 | D        | Found a burning altar of Makhleb.
  1015 | D        | Found a bloodstained altar of Trog.
  1016 | D        | Found a blossoming altar of Fedhas.
  1016 | D        | Found a corrupted altar of Lugonu.
  1016 | D        | Found a basalt altar of Yredelemnul.
  1016 | D        | Found a shimmering blue altar of Sif Muna.
  1017 | D        | Found a white marble altar of Elyvilon.
  1017 | D        | Found an ancient bone altar of Kikubaaqudgha.
  1018 | D        | Found a shadowy altar of Dithmenos.
  1018 | D        | Found a viscous altar of Jiyva.
  1019 | D        | Found a snail-covered altar of Cheibriados.
  1020 | D        | Noticed a polar bear
  1020 | D        | Noticed a polar bear
  1023 | D        | Killed a polar bear
  1023 | D        | Noticed a yaktaur
  1024 | D        | Reached skill level 17 in Axes
  1026 | D        | Killed a polar bear
  1027 | D        | Noticed a polar bear
  1030 | D        | Killed a yaktaur
  1030 | D        | Reached ***** piety under Trog
  1034 | D        | Killed a polar bear
  1036 | D        | Received a gift from Trog
  1252 | D        | Noticed a kraken
  1261 | D        | Reached skill level 18 in Axes
  1275 | D        | Reached XP level 10. HP: 108/108 MP: 0/8
  1688 | D        | Killed a kraken
  1689 | D        | Reached skill level 10 in Armour
  1730 | D        | Found a hazy altar of Hepliaklqana.
  1730 | D        | Found a sacrificial altar of Ru.
  1730 | D        | Found a shimmering altar of Xom.
  1731 | D        | Found a stormy altar of Qazlal.
  1731 | D        | Found an ornate altar of the Wu Jian Council.
  1740 | D        | Found a glowing golden altar of the Shining One.
  1748 | D        | Noticed an orange crystal statue
  1796 | D        | Identified the amulet "Itryeges" {rPois rC+ Regen+ Str+4
                  | Int+4}
  1813 | D        | Noticed an obsidian statue
  1956 | D        | Noticed Roxanne
  1959 | D        | Noticed Kirke
  1959 | D        | Noticed a skeletal warrior
  1959 | D        | Noticed a yaktaur captain
  1959 | D        | Noticed a centaur warrior
  1972 | D        | Killed a yaktaur captain
  1973 | D        | Reached skill level 19 in Axes
  1978 | D        | Killed Kirke
  1986 | D        | Killed a skeletal warrior
  1987 | D        | Reached skill level 20 in Axes
  1987 | D        | Reached skill level 10 in Dodging
  1991 | D        | Noticed a sun demon
  1997 | D        | Killed a centaur warrior
  1998 | D        | Reached XP level 11. HP: 86/121 MP: 0/8
  2004 | D        | Received a gift from Trog
  2059 | D        | Killed Roxanne
  2066 | D        | Noticed a fire dragon
  2078 | D        | Noticed a storm dragon
  2085 | D        | Mangled by a storm dragon

Illustrated notes

Levels and vault maps discovered:
D:        the_violet_keep_of_menkaure [sprint2_stairs_cluster_1,
          sprint2_shoproom, sprint2_temple, sprint2_basic_supplies,
          sprint2_obstacle_3, sprint2_obstacle_4, sprint2_obstacle_6,
          sprint2_obstacle_7, sprint2_obstacle_2, sprint2_timed_cluster_1,
          sprint2_smallroom_cluster_1, sprint2_smallroom_final_cluster_1,
          sprint2_transparent_cluster_1, sprint2_second_timed_cluster_1,
          sprint2_sniper_area_1, sprint2_heavy_combat_area_1,
          sprint2_mutation_trap_area_1, sprint2_forest_area_1,
          sprint2_light_combat_area_1, sprint2_behind_water_1,
          sprint2_near_end_vault_1]

Skill      XL: |  1  2  3  4  5  6  7  8  9 10 11 |
---------------+----------------------------------+-----
Fighting       | 6 7 8 10 12 13 15 16 18 19 | 19.1
Axes           | 6 8 9 11 12 14 16 18 20 | 20.8
Armour         | 3 4 5 6 7 8 9 12 | 12.8
Dodging        | 3 4 5 6 7 8 10 | 10.5
Stealth        | 1 2 |  2.4

Action                   |  1- 3 |  4- 6 |  7- 9 | 10-12 || total
-------------------------+-------+-------+-------+-------++-------
Melee: Hand axe          |     4 |    24 |    22 |       ||    50
       Headbutt          |     1 |     2 |    11 |    19 ||    33
       Punch             |       |     2 |     1 |       ||     3
       Broad axe         |       |       |    21 |       ||    21
       Battleaxe         |       |       |    29 |    46 ||    75
       Executioner's axe |       |       |       |    26 ||    26
Invok: Berserk           |     1 |     1 |     2 |     4 ||     8
  Use: Potion            |       |     1 |     1 |     2 ||     4
       Scroll            |       |       |       |     7 ||     7
Armor: Animal skin       |     1 |       |       |       ||     1
       Scale mail        |       |       |    20 |    23 ||    43
Dodge: Dodged            |     3 |    10 |    28 |    32 ||    73
